 Dungeon Crawl Stone Soup version 0.20.0-7-g3b7b877 (webtiles) character file.

763 Rrauwl the Ruffian (level 7, -14/71 HPs)
             Began as a Troll Artificer on May 29, 2017.
             Shot themself with a bolt of poison (16 damage)
             ... on level 5 of the Dungeon.
             The game lasted 00:06:31 (2267 turns).

Rrauwl the Ruffian (Troll Artificer)                Turns: 2267, Time: 00:06:31

Health: -14/71     AC:  5    Str: 22    XL:     7   Next: 51%
Magic:  7/7        EV: 11    Int:  9    God:
Gold:   240        SH:  0    Dex: 16    Spells: 6/6 levels left

rFire    . . .     SeeInvis .   w - +3 war axe "Jumaigu" {chop, Int+2}
rCold    . . .     Gourm    +   (no shield)
rNeg     . . .     Faith    .   b - +0 robe
rPois    .         Spirit   .   (helmet restricted)
rElec    .         Reflect  .   (no cloak)
rCorr    .         Harm     .   (gloves unavailable)
MR       +....                  (boots unavailable)
Stlth    ++........             (no amulet)
Regen    0.7/turn               m - ring of protection from magic
MPRegen  0.1/turn               p - +5 ring of dexterity

@: lethally poisoned (-14 -> -43)
A: unfitting armour, claws 3, fast metabolism 3, gourmand, regeneration 1,
shaggy fur 1, tough skin 2
a: no special abilities


You were on level 5 of the Dungeon.
You were full.

You visited 1 branch of the dungeon, and saw 5 of its levels.

You collected 240 gold pieces.

Inventory:

Hand Weapons
 q - a +3 quarterstaff of chaos
 s - a +0 mace of protection
 w - the +3 war axe "Jumaigu" (weapon) {chop, Int+2}
   (You found it on level 4 of the Dungeon)

   It inflicts extra damage upon your enemies.
   It affects your intelligence (+2).
Armour
 b - a +0 robe (worn)
 o - a cursed +0 robe
 t - a +0 cloak
Jewellery
 m - a ring of protection from magic (left claw)
 p - a +5 ring of dexterity (right claw)
Wands
 a - a wand of lightning (3/15)
 c - a wand of flame (15/48)
 d - a wand of enslavement (15/24)
 e - a wand of random effects (12/48)
 i - a wand of scattershot (2/9)
 l - a wand of polymorph (7/24)
Scrolls
 g - a scroll of enchant weapon {unknown}
 j - a scroll of fog {unknown}
 k - 5 scrolls of identify {unknown}
 n - a scroll of remove curse
 v - a scroll of amnesia {unknown}
Potions
 u - 2 potions of flight
Books
 r - a book of Minor Magic

   Spells                             Type                      Level
   a - Magic Dart                     Conjuration                  1
   b - Blink                          Translocation                2
   c - Call Imp                       Summoning                    2
   d - Slow                           Hexes                        2
   e - Conjure Flame                  Conjuration/Fire             3
   f - Mephitic Cloud                 Conjuration/Poison/Air       3
Comestibles
 f - 3 bread rations
 h - a meat ration


   Skills:
 + Level 4.5 Fighting
   Level 0.7 Short Blades
 - Level 3.0 Dodging
 - Level 0.3 Stealth
 + Level 5.2 Unarmed Combat
 - Level 2.1 Evocations


You had 6 spell levels left.
You didn't know any spells.

Dungeon Overview and Level Annotations

Branches:
Dungeon (5/15)
 Temple: D:4-7

Altars:
Fedhas
Nemelex Xobeh
Ru


Innate Abilities, Weirdness & Mutations

You are too large for most types of armour.
You have claws for hands.
Your metabolism is lightning-fast.
You like to eat raw meat.
Your natural rate of healing is unusually fast.
You are covered in fur. (AC +1)
You have very tough skin. (AC +2)


Message History

That beam is likely to hit you.
Continue anyway?
The puff of flame hits you!
This wand has 13 charges left.
* * * LOW HITPOINT WARNING * * *
You feel very sick.
Evoke which item? (* to show all) (? for menu, Esc to quit)
Aiming: Random Effects
Press: ? - help, Shift-Dir - straight line, f - you That beam is likely to hit you.
Continue anyway? [Y]es or [N]o only, please.
That beam is likely to hit you.
Continue anyway?
You shrug off the repeated paralysis!
This wand has 12 charges left.
* * * LOW HITPOINT WARNING * * *
You feel sick.
Evoke which item? (* to show all) (? for menu, Esc to quit)
Aiming: Random Effects
Press: ? - help, Shift-Dir - straight line, f - you That beam is likely to hit you.
Continue anyway?
The bolt of poison hits you!
You are more poisoned.
You die...

#### ### #.. ..# #.# #.#
##### ###.#####.# #....
.####.........# #.##.
.......@####..######.##.
..###.#.......#.......##
#.#.......†.####..#
.........>.†# #..#
##.#.#.......# #..#
#.#.#.....# ...#
#.#.......# ##.#
#.#.#.....# .. #.#......
##


There were no monsters in sight!

Vanquished Creatures
  The ghost of McKennaii the Covert, a novice OpAs (D:5)
  A centaur zombie (D:5)
  A hound (D:4)
  Crazy Yiuf (D:3)
  A centaur skeleton (D:4)
  Natasha (thrice) (D:2)
  A worker ant (D:4)
  6 gnolls
  5 adders
  A shadow imp (D:5)
  An ooze (D:1)
  A worm (D:2)
  A dart slug (D:1)
  A leopard gecko (D:1)
  An orc (D:3)
  A giant cockroach (D:3)
  3 goblins
  6 hobgoblins
  12 jackals
  5 kobolds
  2 ball pythons
  8 bats
  4 frilled lizards
  7 rats
74 creatures vanquished.

Notes
Turn   | Place    | Note
-------+----------+-------------------------------------------
     0 | D:1      | Rrauwl the Troll Artificer began the quest for the Orb.
     0 | D:1      | Reached XP level 1. HP: 18/18 MP: 1/1
    25 | D:1      | Reached skill level 1 in Fighting
    56 | D:1      | Reached XP level 2. HP: 27/27 MP: 2/2
   257 | D:1      | Reached skill level 1 in Unarmed Combat
   534 | D:2      | Noticed Natasha
   542 | D:2      | Killed Natasha
   542 | D:2      | Reached XP level 3. HP: 23/35 MP: 3/3
   577 | D:2      | Found a sacrificial altar of Ru.
   742 | D:2      | Reached XP level 4. HP: 42/42 MP: 4/4
   751 | D:2      | Noticed Natasha
   760 | D:2      | Killed Natasha
   760 | D:2      | Reached skill level 2 in Unarmed Combat
   839 | D:2      | Noticed Natasha
   856 | D:2      | Killed Natasha
   916 | D:2      | Reached XP level 5. HP: 48/50 MP: 5/5
  1196 | D:3      | Found a blossoming altar of Fedhas.
  1412 | D:3      | Found a runed door.
  1482 | D:3      | Found a sparkling altar of Nemelex Xobeh.
  1660 | D:3      | Noticed Crazy Yiuf
  1670 | D:3      | Killed Crazy Yiuf
  1670 | D:3      | Reached skill level 3 in Unarmed Combat
  1736 | D:4      | Reached XP level 6. HP: 59/61 MP: 6/6
  2095 | D:4      | Got a translucent war axe
  2096 | D:4      | Identified the +3 war axe "Jumaigu" {chop, Int+2} (You found it on level 4 of the Dungeon)
  2185 | D:5      | Entered Level 5 of the Dungeon
  2242 | D:5      | Reached skill level 4 in Unarmed Combat
  2251 | D:5      | Noticed McKennaii's ghost (novice OpAs)
  2262 | D:5      | Killed McKennaii's ghost
  2262 | D:5      | Reached skill level 5 in Unarmed Combat
  2262 | D:5      | Reached XP level 7. HP: 13/71 MP: 7/7
  2263 | D:5      | Paralysed by you for 2 turns
  2265 | D:5      | HP: 3/71 [poisoned by McKennaii's ghost]
  2267 | D:5      | Shot themself with a bolt of poison

Skill      XL: |  1  2  3  4  5  6 |
---------------+-------------------+-----
Fighting       | 1 2 3 4 |  4.5
Unarmed Combat | 1 2 3 5 |  5.2
Dodging        | 2 3 |  3.0
Short Blades   | |  0.7
Stealth        | |  0.3
Evocations     | |  2.1

Action                   |  1- 3 |  4- 6 |  7- 9 || total
-------------------------+-------+-------+-------++-------
Melee: Short sword       |    14 |       |       ||    14
       Unarmed           |    66 |   118 |       ||   184
       Quarterstaff      |       |    33 |       ||    33
       War axe           |       |    16 |       ||    16
Evoke: Wand              |       |       |     4 ||     4
  Use: Potion            |       |     4 |       ||     4
       Scroll            |       |     1 |       ||     1
 Stab: Sleeping          |       |     2 |       ||     2
       Confused          |       |     2 |       ||     2
  Eat: Chunk             |    12 |    12 |       ||    24
Armor: Robe              |    34 |    62 |     1 ||    97
Dodge: Dodged            |    55 |    84 |       ||   139
